 Dungeon Crawl Stone Soup version 0.23-a0-837-ga3e6480 (webtiles) character file.

14923643 Hydrazoo the Conqueror (level 27, 96/185 HPs)
             Began as an Octopode Transmuter on Jan 20, 2019.
             Was the Champion of Makhleb.
             Escaped with the Orb
             ... and 15 runes on Jan 24, 2019!
             The game lasted 07:24:50 (106546 turns).

Hydrazoo the Conqueror (Octopode Transmuter)      Turns: 106546, Time: 07:24:51

Health: 96/185     AC:  5    Str: 34    XL:     27
Magic:  54/54      EV: 36    Int: 21    God:    Makhleb [******]
Gold:   11323      SH: 38    Dex: 20    Spells: 43/80 levels left

rFire    + + +     SeeInvis +     - Unarmed
rCold    + + +     Gourm    .   F - +10 large shield of Ignorance {rN+ Int-4}
rNeg     + + .     Faith    .   C - +0 mask of the Dragon {MR+ Slay+3 SInv}
rPois    +         Spirit   .   n - amulet of Hopatotu {RegenMP rElec rF+ Str+5 Int+2}
rElec    +         Reflect  .   s - ring of the Mage {Wiz MR++ Int+3}
rCorr    .         Harm     .   l - ring "Dobira Puwn" {Str+4 Int+2 Dex+3 Slay+2}
MR       +++++     Rnd*Tele +   I - ring of Life {rC+ rN+ Int-4 Stlth+}
Stlth    +++.......             u - ring "Bomejul" {rC+ EV+2}
HPRegen  0.00/turn              K - ring of Greed {rPois rF+++ rC+ MR- Str+4}
MPRegen  0.59/turn              U - ring of the Three Lies {rElec Str+4 Slay+3 SInv Stlth+}
                                z - ring of the Octopus King {rF+ AC+1 EV+1 Str+1 Int+1 Dex+1}
                                G - ring "Liungotz" {rElec rF+ MR+ Str+3 Int+2}

@: no status effects
A: almost no armour, stealthy swim, amphibious, 8 rings, constrict 8, antennae
1, molten scales 1, rugged brown scales 1, camouflage 1, blurry vision 1, clumsy
1, deterioration 1, frail 2, mutation resistance 1, sense surroundings 1,
screaming 2, inhibited regeneration, teleportitis 2, wild magic 1, gelatinous
body 1
0: Orb of Zot
}: 15/15 runes: decaying, serpentine, slimy, silver, golden, iron, obsidian,
icy, bone, abyssal, demonic, glowing, magical, fiery, dark
a: Minor Destruction, Lesser Servant of Makhleb, Major Destruction, Greater
Servant of Makhleb, Renounce Religion


You escaped.
You worshipped Makhleb.
Makhleb was exalted by your worship.
You were not hungry.

You visited 18 branches of the dungeon, and saw 90 of its levels.
You visited Pandemonium 3 times, and saw 21 of its levels.
You visited the Abyss 3 times.
You also visited: Sewer and Ice Cave.

You collected 16182 gold pieces.
You spent 4859 gold pieces at shops.

Inventory:

Armour
 C - the +0 mask of the Dragon (worn) {MR+ Slay+3 SInv}
   (You bought it in a shop on level 2 of the Orcish Mines)

   It affects your accuracy and damage with ranged weapons and melee attacks
   (+3).
   It affects your resistance to hostile enchantments.
   It lets you see invisible.
 F - the +10 large shield of Ignorance (worn) {rN+ Int-4}
   (You found it on level 7 of the Iron City of Dis)

   It affects your intelligence (-4).
   It protects you from negative energy.
Jewellery
 l - the ring "Dobira Puwn" (right tentacle) {Str+4 Int+2 Dex+3 Slay+2}
   (You acquired it on level 4 of the Realm of Zot)

   [ring of slaying]

   It affects your strength (+4).
   It affects your intelligence (+2).
   It affects your dexterity (+3).
   It affects your accuracy and damage with ranged weapons and melee attacks
   (+2).
 n - the amulet of Hopatotu (around mantle) {RegenMP rElec rF+ Str+5 Int+2}
   (You bought it in a shop on level 1 of the Elven Halls)

   [amulet of magic regeneration]

   It increases your magic regeneration.
   It affects your strength (+5).
   It affects your intelligence (+2).
   It protects you from fire.
   It insulates you from electricity.
 s - the ring of the Mage (left tentacle) {Wiz MR++ Int+3}
   (You found it on level 5 of the Pits of Slime)

   [ring of wizardry]

   It improves your spell success rate.
   It affects your intelligence (+3).
   It affects your resistance to hostile enchantments.
 u - the ring "Bomejul" (on tentacle) {rC+ EV+2}
   (You found it on level 5 of the Pits of Slime)

   [ring of evasion]

   It affects your evasion (+2).
   It protects you from cold.
 z - a ring of the Octopus King (on tentacle) {rF+ AC+1 EV+1 Str+1 Int+1 Dex+1}
   (You took it off a deep elf mage on level 3 of the Elven Halls)

   [ring of protection from fire]

   It affects your AC (+1).
   It affects your evasion (+1).
   It affects your strength (+1).
   It affects your intelligence (+1).
   It affects your dexterity (+1).
   It protects you from fire.
 G - the ring "Liungotz" (on tentacle) {rElec rF+ MR+ Str+3 Int+2}
   (You found it on level 7 of Tartarus)

   [ring of strength]

   It affects your strength (+3).
   It affects your intelligence (+2).
   It protects you from fire.
   It insulates you from electricity.
   It affects your resistance to hostile enchantments.
 H - the ring "Ruonk" {rN+ Int+4}
   (You took it off a vampire knight on level 3 of the Crypt)

   [ring of positive energy]

   It affects your intelligence (+4).
   It protects you from negative energy.
 I - the ring of Life (on tentacle) {rC+ rN+ Int-4 Stlth+}
   (You took it off a skeletal warrior on level 3 of the Crypt)

   [ring of positive energy]

   It affects your intelligence (-4).
   It protects you from cold.
   It protects you from negative energy.
   It makes you more stealthy.
 K - the ring of Greed (on tentacle) {rPois rF+++ rC+ MR- Str+4}
   (You took it off Antaeus on level 7 of Cocytus)

   [ring of protection from cold]

   It affects your strength (+4).
   It renders you almost immune to fire.
   It protects you from cold.
   It protects you from poison.
   It affects your resistance to hostile enchantments.
 S - an uncursed ring of resist corrosion
 U - the ring of the Three Lies (on tentacle) {rElec Str+4 Slay+3 SInv Stlth+}
   (You acquired it on level 2 of the Realm of Zot)

   [ring of stealth]

   It affects your strength (+4).
   It affects your accuracy and damage with ranged weapons and melee attacks
   (+3).
   It insulates you from electricity.
   It lets you see invisible.
   It makes you more stealthy.
Wands
 A - a wand of digging (13)
Scrolls
 b - 7 scrolls of immolation
 f - 17 scrolls of teleportation
 g - 43 scrolls of remove curse
 h - 2 scrolls of summoning
 i - 10 scrolls of enchant armour
 j - 10 scrolls of fear
 p - a scroll of magic mapping
 y - 9 scrolls of amnesia
 D - 2 scrolls of silence
 P - 22 scrolls of identify
 Q - 4 scrolls of blinking
 R - 7 scrolls of enchant weapon
 T - 11 scrolls of fog
 V - 7 scrolls of torment
Potions
 a - 3 potions of ambrosia
 d - 6 potions of haste
 k - 6 potions of brilliance
 m - 9 potions of berserk rage
 o - 26 potions of curing
 q - 3 potions of magic
 r - 5 potions of flight
 t - 3 potions of invisibility
 w - 11 potions of agility
 x - a potion of cancellation
 J - 4 potions of resistance
Miscellaneous
 e - a figurine of a ziggurat
 E - 2 phantom mirrors
Comestibles
 c - 15 rations


   Skills:
 O Level 27 Fighting
 * Level 23.0 Dodging
 - Level 13.2 Stealth
 - Level 25.0 Shields
 O Level 27 Unarmed Combat
 O Level 27 Spellcasting
 - Level 3.0 Charms
 - Level 8.0 Summonings
 - Level 15.9 Necromancy
 - Level 17.0 Transmutations
   Level 5.0 Ice Magic
 O Level 27 Air Magic
 - Level 6.0 Earth Magic
 - Level 9.2 Invocations
 + Level 10.2 Evocations


You had 43 spell levels left.
You knew the following spells:

 Your Spells              Type           Power        Failure   Level  Hunger
a - Dragon Form           Tmut           #######...   1%          7    ####...
b - Statue Form           Tmut/Erth      #######..    1%          6    None
c - Borgnjor's Vile Clut  Necr/Erth      #######...   1%          5    None
d - Regeneration          Chrm/Necr      ######....   1%          3    None
e - Aura of Abjuration    Summ           ######....   1%          5    None
f - Tornado               Air            ########..   1%          9    #######
g - Blink                 Tloc           N/A          1%          2    None

Your spell library contained the following spells:

 Spells                   Type           Power        Failure   Level  Hunger
 Animate Skeleton         Necr           N/A          1%          1    None
 Apportation              Tloc           #####.       1%          1    None
 Beastly Appendage        Tmut           ######       1%          1    None
 Confusing Touch          Hex            #####.       1%          1    None
 Corona                   Hex            #####..      1%          1    None
 Flame Tongue             Conj/Fire      #####        1%          1    None
 Freeze                   Ice            ####         1%          1    None
 Magic Dart               Conj           ####         1%          1    None
 Pain                     Necr           ####         1%          1    None
 Shock                    Conj/Air       ####         1%          1    None
 Sting                    Conj/Pois      ####         1%          1    None
 Summon Butterflies       Summ           ######..     1%          1    None
 Summon Small Mammal      Summ           ####         1%          1    None
 Call Imp                 Summ           ######..     1%          2    None
 Corpse Rot               Necr           N/A          1%          2    None
 Ensorcelled Hibernation  Hex/Ice        ######       1%          2    None
 Passwall                 Tmut/Erth      #######.     1%          2    None
 Poisonous Vapours        Pois/Air       ######       1%          2    None
 Searing Ray              Conj           #####.       1%          2    None
 Shroud of Golubria       Chrm/Tloc      #####.....   1%          2    None
 Slow                     Hex            #####...     1%          2    None
 Sticks to Snakes         Tmut           #######.     1%          2    None
 Sublimation of Blood     Necr           #######...   1%          2    None
 Swiftness                Chrm/Air       #######.     1%          2    None
 Throw Flame              Conj/Fire      #####.       1%          2    None
 Throw Frost              Conj/Ice       ######       1%          2    None
 Call Canine Familiar     Summ           ######..     1%          3    None
 Ignite Poison            Fire/Tmut/Pois ######..     1%          3    None
 Mephitic Cloud           Conj/Pois/Air  ######..     1%          3    None
 Ozocubu's Armour         Chrm/Ice       ######..     1%          3    None
 Recall                   Summ/Tloc      N/A          1%          3    None
 Spectral Weapon          Hex/Chrm       #####...     1%          3    None
 Spider Form              Tmut/Pois      ######....   1%          3    None
 Static Discharge         Conj/Air       #######.     1%          3    None
 Stone Arrow              Conj/Erth      ######       1%          3    None
 Summon Guardian Golem    Hex/Summ       ######..     1%          3    None
 Vampiric Draining        Necr           #######...   1%          3    None
 Airstrike                Air            ########..   1%          4    None
 Animate Dead             Necr           N/A          1%          4    None
 Ice Form                 Ice/Tmut       #######.     1%          4    None
 Petrify                  Tmut/Erth      #######.     1%          4    None
 Summon Ice Beast         Ice/Summ       ######..     1%          4    None
 Summon Lightning Spire   Summ/Air       #######.     1%          4    None
 Agony                    Necr           #######.     1%          5    None
 Alistair's Intoxication  Tmut/Pois      ######..     1%          5    None
 Blade Hands              Tmut           #######...   1%          5    None
 Bolt of Draining         Conj/Necr      ######....   1%          5    None
 Dispel Undead            Necr           #######.     1%          5    None
 Excruciating Wounds      Chrm/Necr      ######....   1%          5    None
 Irradiate                Conj/Tmut      ######....   1%          5    None
 Lee's Rapid Deconstruct  Erth           ######....   1%          5    None
 Lightning Bolt           Conj/Air       #######...   1%          5    None
 Silence                  Hex/Air        #######...   1%          5    None
 Summon Demon             Summ           ######....   1%          5    None
 Yara's Violent Unravell  Hex/Tmut       ######....   1%          5    None
 Conjure Ball Lightning   Conj/Air       #######...   1%          6    None
 Death Channel            Necr           #######...   1%          6    None
 Deflect Missiles         Chrm/Air       #######...   1%          6    None
 Freezing Cloud           Conj/Ice/Air   #######...   1%          6    None
 Hydra Form               Tmut           #######...   1%          6    None
 Simulacrum               Ice/Necr       #######...   1%          6    None
 Confuse                  Hex            #####...     2%          3    None
 Conjure Flame            Conj/Fire      #####...     2%          3    None
 Dazzling Spray           Conj/Hex       #####.       2%          3    None
 Gell's Gravitas          Tloc           #####.....   2%          3    None
 Inner Flame              Hex/Fire       #####...     2%          3    None
 Lesser Beckoning         Tloc           #####.....   2%          3    None
 Portal Projectile        Hex/Tloc       #####.       2%          3    None
 Teleport Other           Tloc           #####...     2%          3    None
 Tukima's Dance           Hex            #####...     2%          3    None
 Leda's Liquefaction      Hex/Erth       ######....   2%          4    None
 Throw Icicle             Conj/Ice       ######..     2%          4    None
 Summon Forest            Summ/Tloc      ######....   4%          5    None
 Summon Mana Viper        Hex/Summ       ######..     4%          5    None
 Shadow Creatures         Summ           N/A          4%          6    None
 Cause Fear               Hex            #####.....   6%          4    None
 Force Lance              Conj/Tloc      #####...     6%          4    None
 Fulminant Prism          Conj/Hex       #####.....   6%          4    None
 Iskenderun's Mystic Bla  Conj           #####...     6%          4    None
 Olgreb's Toxic Radiance  Pois           #####...     6%          4    None
 Sticky Flame             Conj/Fire      #####...     6%          4    None
 Metabolic Englaciation   Hex/Ice        ######....   6%          5    None
 Infestation              Necr           #######...   6%          8    #####..
 Bolt of Magma            Conj/Fire/Erth #####.....   9%          5    None
 Iskenderun's Battlesphe  Conj/Chrm      #####...     10%         5    None
 Ozocubu's Refrigeration  Ice            ######....   12%         6    None
 Fireball                 Conj/Fire      #####.....   16%         5    None
 Venom Bolt               Conj/Pois      #####.....   16%         5    None
 Summon Hydra             Summ           ######....   19%         7    ####...
 Iron Shot                Conj/Erth      ######....   26%         6    None
 Bolt of Cold             Conj/Ice       ######....   30%         6    None
 Bolt of Fire             Conj/Fire      #####.....   58%         6    None
 Darkness                 Hex            #####.....   58%         6    None
 Invisibility             Hex            #####...     58%         6    None
 Spellforged Servitor     Conj/Summ      ######....   63%         7    ####...
 Ring of Flames           Chrm/Fire      #####.....   90%         7    ####...
 Orb of Destruction       Conj           #####.....   98%         7    ####...
 Discord                  Hex            #####.....   100%        8    #####..
 Ignition                 Fire           #####.....   100%        8    #####..
 Shatter                  Erth           ######....   100%        9    #######
 Passage of Golubria      Tloc           Unusable     N/A         4    N/A

Dungeon Overview and Level Annotations

Branches:
Dungeon (15/15)            Temple (1/1) D:4            Lair (6/6) D:8
  Swamp (4/4) Lair:4        Snake (4/4) Lair:3        Slime (5/5) Lair:6
    Orc (2/2) D:9             Elf (3/3) Orc:2        Vaults (5/5) D:14
  Crypt (3/3) Vaults:2       Tomb (3/3) Crypt:3      Depths (5/5) D:15
   Hell (1/1)                 Dis (7/7) Hell            Geh (7/7) Hell
    Coc (7/7) Hell            Tar (7/7) Hell            Zot (5/5) Depths:5

Altars:
Ashenzari
Cheibriados
Dithmenos
Fedhas
Gozag
Hepliaklqana
Kikubaaqudgha
Makhleb
Nemelex Xobeh
Okawaru
Qazlal
Ru
Sif Muna
Trog
Uskayaw
Vehumet
Wu Jian
Xom
Yredelemnul
Zin
The Shining One
Beogh

Shops:
D:14 *![*:   D:15 *   Orc:2 *[:(   Elf:1 =   Snake:4 =   Vaults:1 (
Depths:1 *%   Depths:5 }=}

Portals:
Hell: Depths:1 Depths:2 Depths:3 Depths:4 Depths:5
Abyss: Depths:4 Depths:5
Pandemonium: Depths:3
Ziggurat: Depths:2

Annotations:
D:4 Dowan, Duvessa
D:15 1 runed door, Lanoc's ghost, journeyman DrBe
Lair:2 3 runed doors, Gildeon's ghost, journeyman MiFi
Lair:5 1 runed door, exclusion: oklob plant, Cofemuv's ghost, journeyman NaFi
Snake:3 exclusion: Roxanne, Roxanne
Elf:2 5 runed doors
Dis:7 17 runed doors


Innate Abilities, Weirdness & Mutations

You cannot wear most types of armour.
You are very stealthy in the water. (Stealth+)
You are amphibious.
You can wear up to eight rings at the same time.
You can use your tentacles to constrict eight enemies at once.
Your skin changes colour to match your surroundings (Stealth+).
Your rubbery body absorbs attacks. (AC +1, EV +1)
You have a pair of small antennae on your head.
You are partially covered in molten scales. (AC +2)
You are partially covered in rugged brown scales. (AC +1, +3% HP)
Scrolls take you a little longer to read.
You are clumsy. (Dex -2)
Your body sometimes deteriorates upon taking damage.
You are very frail. (-20% HP)
You are somewhat resistant to further mutation.
You passively map a small area around you.
You sometimes yell uncontrollably at your foes.
You do not regenerate when monsters are visible.
You are sometimes teleported next to monsters.
Your spells are a little harder to cast, but a little more powerful.


Message History

A lorocyproca comes into view.
You swap places.
The lorocyproca gives a chilling moan.
The balrug gestures at you. Makhleb smites you!
Your Executioner gestures.
Your Executioner seems to speed up.
Your balrug hits the balrug with a +0 demon whip of electrocution!
The balrug is engulfed in flames.
The balrug completely resists.
The balrug hits your balrug with a +2 demon whip of pain.
Your balrug is engulfed in flames.
Your balrug completely resists.
There is a staircase leading out of the dungeon here.
You can't go down here!
Unknown command.
Your balrug hits the balrug with a +0 demon whip of electrocution.
The balrug is engulfed in flames.
The balrug completely resists.
Your balrug gestures at the balrug.
The balrug is smitten.
The balrug misses your balrug.
You have escaped!

##.............### ######.
##.....#........###
##...)..
####...)######...###..#####
#...###(...)........## #
##.....(...........[..#
#....##♣♣♣.♣♣♣##...##.#
##...# ♣1♣ #...##.#####
#...♣♣♣♣♣1♣♣♣♣♣..###....).
#.....222@2⌠.....#########
#...♣♣♣♣♣2♣♣♣♣♣...........
#...# ♣⌠♣ #...........
#...##♣♣♣.♣♣♣##........)..
#.........................
#...(.......####..........
####..####### ######.####
#### #.# #.#


You could see a lorocyproca (invisible), a balrug, 3 friendly balrugs and 2
friendly Executioners.

Vanquished Creatures
  Cerebov (Pan)
  Antaeus (Coc:7)
  Asmodeus (Geh:7)
  the Royal Jelly (Slime:5)
  Gloorx Vloq (Pan)
  Ereshkigal (Tar:7)
  the Serpent of Hell (Dis:7)
  Mnoleg (Pan)
  Lom Lobon (Pan)
  14 pandemonium lords
  Dispater (Dis:7)
  2 orbs of fire (Zot:5)
  9 ancient liches
  Mennas (Tomb:3)
  29 greater mummies
  10 shard shrikes
  Vashnia (Snake:3)
  Xtahua (Depths:4)
  3 Killer Klowns (Zot:5)
  2 caustic shrikes
  2 curse toes
  Geryon (Hell)
  Nikola (Swamp:2)
  13 golden dragons
  4 profane servitors
  90 large abominations
  2 electric golems (Zot:5)
  Jory (Crypt:3)
  41 Brimstone Fiends
  14 bone dragons
  2 hellephants
  31 Tzitzimimeh
  2 iron giants (Dis:7)
  10 doom hounds
  14 Hell Sentinels
  30 tentacled monstrosities
  30 Orb Guardians
  Rupert (D:15)
  17 Ice Fiends
  8 liches
  Asterion (Snake:3)
  5 titans
  4 deep elf master archers (Elf:3)
  2 deep elf blademasters (Elf:3)
  8 death cobs
  A kraken (Abyss:5)
  10 quicksilver dragons
  19 acid blobs
  34 Executioners
  8 ancient champions
  Donald (Orc:1)
  11 sphinxes
  13 tentacled starspawn
  3 eldritch tentacles
  6 draconian monks
  14 storm dragons
  2 thorn hunters
  11 nagarajas (Snake:4)
  14 shadow dragons
  5 revenants
  4 tengu reavers
  11 fire giants
  13 azure jellies
  7 frost giants
  5 deep elf sorcerers
  An angel (Pan)
  10 corrupters
  3 draconian knights
  52 balrugs
  11 warmongers (Pan)
  7 ghost moths
  9 iron dragons
  17 vault wardens
  24 cacodemons
  A draconian scorcher (Zot:4)
  9 black suns (Pan)
  Louise (Snake:2)
  69 reapers
  3 draconian shifters
  4 spriggan defenders
  3 curse skulls
  2 draconian stormcallers
  5 ghouls
  3 deep elf elementalists
  22 war gargoyles
  An orc warlord (Orc:2)
  6 draconian annihilators
  7 entropy weavers
  15 blood saints (Pan)
  32 very ugly things
  4 elemental wellsprings
  21 vampire knights
  An ophan (Abyss:5)
  16 stone giants
  6 bennus
  5 deep elf demonologists
  17 ironheart preservers
  Azrael (Elf:1)
  8 black draconians
  6 spark wasps
  4 white draconians
  22 lorocyprocas
  8 green draconians
  11 deep elf annihilators
  19 dire elephants (Depths:2)
  13 yellow draconians
  13 red draconians
  11 purple draconians
  19 green deaths
  8 eidola
  5 crystal guardians
  39 blizzard demons
  5 fire dragons
  10 deep elf death magi
  3 death oozes (Slime:5)
  3 quicksilver dragon zombies
  4 deep elf high priests
  30 mummy priests
  18 ettins
  15 jiangshi
  A spectral kraken (Tar:7)
  2 kraken zombies
  20 great orbs of eyes
  21 yaktaur captains
  6 quicksilver dragon skeletons
  A ragged hierophant (Vaults:4)
  3 monstrous demonspawn (Pan)
  7 hell beasts (Pan)
  12 naga warriors
  Erolcha (D:10)
  10 rakshasas
  27 ice dragons
  29 hydras
  5 ghost crabs
  32 vault guards
  A spriggan air mage (Depths:2)
  22 ogre magi
  7 centaur warriors
  19 anacondas
  2 catoblepae (D:14)
  A satyr (Abyss:5)
  5 death knights
  4 shambling mangroves
  13 dancing weapons
  62 two-headed ogres
  111 death scarabs
  A death yak (IceCv)
  A two-headed ogre (shapeshifter) (Depths:5)
  8 alligators
  25 hell hogs
  6 tengu warriors
  8 deep troll shamans
  8 shock serpents
  17 deep troll earth magi
  A spriggan berserker (Depths:3)
  38 thrashing horrors
  5 orc high priests
  24 naga sharpshooters
  12 vampire magi
  A titan zombie (Coc:4)
  5 spriggans
  25 hell knights
  66 soul eaters
  5 storm dragon zombies
  11 deep elf knights
  A shock serpent (shapeshifter) (Vaults:5)
  An iron troll (shapeshifter) (Vaults:5)
  13 iron golems (Dis:7)
  18 wretched stars
  25 small abominations
  A fire crab (Abyss:5)
  A fire crab (shapeshifter) (Vaults:2)
  6 holy swine (Pan)
  14 iron trolls
  6 titan skeletons
  3 salamander mystics
  99 sun demons
  13 shadow wraiths
  10 spatial maelstroms
  40 sixfirhies
  4 storm dragon skeletons
  43 deep trolls
  An entropy weaver zombie (Crypt:2)
  2 death drakes
  2 golden dragon zombies
  5 anaconda zombies
  13 flayed ghosts
  8 naga ritualists
  14 unseen horrors
  5 glowing orange brains
  8 swamp dragons
  2 ghost moth zombies
  16 infernal demonspawn
  8 torturous demonspawn
  A deep troll (shapeshifter) (Vaults:4)
  A quicksilver dragon simulacrum (Abyss:5)
  51 shadow demons
  5 wizards
  A spriggan druid (Swamp:3)
  42 starcursed masses
  6 gelid demonspawn (Pan)
  163 skeletal warriors
  2 lindwurms (Lair:6)
  11 deep elf archers
  38 phantasmal warriors
  11 ironbrand convokers
  A harpy (shapeshifter) (D:13)
  5 shadow dragon zombies
  3 golden dragon skeletons
  45 deep elf magi
  13 orc knights
  8 necromancers
  6 anaconda skeletons
  14 mana vipers
  9 wolf spider zombies
  A sphinx zombie (Vaults:4)
  5 shining eyes
  15 harpies
  A human zombie (Vaults:4)
  47 ugly things
  5 iron dragon zombies
  2 wolf spiders (D:15)
  4 orc sorcerers
  5 cyclopes
  7 shadow dragon skeletons
  5 fire giant zombies
  A manticore (shapeshifter) (Vaults:4)
  4 frost giant zombies
  6 stone giant zombies
  30 moths of wrath
  2 manticores (D:15)
  8 worldbinders
  4 iron dragon skeletons
  12 guardian serpents
  20 vault sentinels
  9 fire giant skeletons
  5 shock serpent zombies
  9 stone giant skeletons
  6 apocalypse crabs (Abyss:5)
  30 rust devils
  3 dire elephant zombies
  4 frost giant skeletons
  19 naga magi
  4 centaur zombies
  A black mamba (shapeshifter) (Vaults:1)
  30 black mambas
  3 guardian serpents (shapeshifter)
  11 salamanders
  14 elephants
  3 eyes of devastation (Slime:5)
  4 molten gargoyles
  2 gargoyles
  3 ice statues
  102 smoke demons
  44 orange demons
  10 spectral swamp worms (Tar:7)
  A spiny frog (shapeshifter) (Elf:1)
  7 torpor snails (Lair:6)
  11 spiny frogs
  2 dire elephant skeletons
  A grey draconian zombie (Crypt:1)
  40 hellions
  A storm dragon simulacrum (Vaults:2)
  4 rime drakes
  2 spriggan zombies
  A catoblepas zombie (Dis:4)
  A purple draconian skeleton (Tomb:2)
  6 komodo dragons
  2 emperor scorpion zombies
  3 catoblepas skeletons
  A yaktaur zombie (Depths:1)
  37 freezing wraiths
  46 yaktaurs
  A rime drake (shapeshifter) (D:15)
  9 efreet
  21 demonic crawlers
  58 tormentors
  45 guardian mummies
  34 hellwings
  3 anaconda simulacra
  25 ancient zymes
  A silent spectre (Tar:7)
  30 ice devils
  59 red devils
  2 tengu simulacra
  3 spriggan skeletons
  4 harpy zombies
  A death drake zombie (Crypt:2)
  8 tyrant leeches
  2 jumping spiders
  4 harpy skeletons
  12 hydra zombies
  A queen bee (D:10)
  A jumping spider (shapeshifter) (Depths:1)
  23 polar bears
  Grinder (D:4)
  A tyrant leech (shapeshifter) (Depths:3)
  13 trolls
  A blink frog (shapeshifter) (Abyss:5)
  3 ettin zombies
  9 dream sheep
  54 raiju
  21 hornets
  3 fire dragon zombies
  12 hydra skeletons
  A guardian serpent zombie (Crypt:1)
  88 slime creatures
  2 saltlings (Vaults:4)
  16 blink frogs
  15 bog bodies
  7 alligator zombies
  5 ice dragon zombies
  A jumping spider zombie (Crypt:2)
  A death drake skeleton (Crypt:2)
  9 hippogriffs
  A centaur simulacrum (D:15)
  A fire giant simulacrum (Depths:1)
  An air elemental (Abyss:5)
  116 flying skulls
  22 shadows
  3 redbacks
  Sigmund (D:6)
  2 ice dragon skeletons
  6 ettin skeletons
  7 fire dragon skeletons
  A shock serpent simulacrum (Coc:7)
  46 yaks
  2 tarantellas
  3 black mamba zombies
  42 ynoxinuls
  3 black mamba skeletons
  2 tarantellas (shapeshifter)
  6 water elementals
  35 wraiths
  13 ushabtiu
  2 humans (shapeshifter)
  A basilisk (shapeshifter) (Vaults:3)
  10 fire elementals
  52 neqoxecs
  5 basilisks
  5 golden eyes
  An elf zombie (Depths:1)
  4 hungry ghosts
  A yaktaur simulacrum (Vaults:5)
  40 chaos spawn
  25 vampire mosquitoes
  7 wargs
  A catoblepas simulacrum (Abyss:5)
  3 merfolk zombies
  2 steam dragons
  4 acid dragons
  55 nagas
  6 spiny frog zombies
  17 swamp worms
  A deep troll zombie (Vaults:5)
  7 insubstantial wisps
  A glowing shapeshifter zombie (Crypt:3)
  2 hydra simulacra
  11 water moccasins
  33 spatial vortices
  52 hell hounds
  7 porcupines
  12 black bears
  3 spiny frog skeletons
  15 swamp drakes
  Purgy (D:3)
  An ice beast (shapeshifter) (Depths:2)
  35 orc warriors
  A meliai simulacrum (D:15)
  2 sky beasts
  22 necrophages
  3 manticore zombies
  A swamp dragon zombie (Crypt:3)
  7 ice beasts
  39 ogres
  4 boggarts
  6 eyes of draining
  8 phantoms
  6 snapping turtle zombies
  4 manticore skeletons
  35 wolves
  2 elf skeletons
  15 centaurs
  8 crocodiles
  2 snapping turtle skeletons
  3 big kobolds
  Blork the orc (D:5)
  17 bullfrogs
  A spiny frog simulacrum (Coc:7)
  A water moccasin zombie (Crypt:1)
  4 scorpions
  A troll zombie (D:9)
  23 killer bees (D:10)
  43 wights
  A yak skeleton (Crypt:3)
  A troll skeleton (Coc:7)
  5 howler monkeys
  2 electric eels (Lair:3)
  A wolf zombie (Crypt:2)
  21 crimson imps
  3 bullfrog zombies
  A human simulacrum (Vaults:4)
  A quasit (D:11)
  4 centaur skeletons
  34 iron imps
  6 jellies
  16 orc priests
  5 hounds
  2 human skeletons
  5 bullfrog skeletons
  20 orc wizards
  3 iguanas
  Ijyb (D:4)
  6 hell rats (Hell)
  6 worker ants
  A dwarf zombie (Crypt:3)
  8 ogre zombies
  2 tengu zombies
  A naga zombie (Tar:5)
  An ogre skeleton (Hell)
  A hound zombie (D:10)
  A hound skeleton (D:5)
  74 mummies
  4 gnolls (D:2)
  6 worker ant zombies
  2 howler monkey skeletons
  A scorpion zombie (Crypt:3)
  16 adders
  2 river rats (Sewer)
  A swamp drake skeleton (Crypt:3)
  10 shadow imps
  17 white imps
  An ooze (Sewer)
  An adder zombie (D:6)
  2 adder skeletons
  8 worms
  A barachi skeleton (Crypt:2)
  3 leopard geckos
  71 orcs
  5 ball pythons
  5 bats
  5 giant cockroaches
  9 goblins
  11 hobgoblins
  8 jackals
  27 kobolds
  5 quokkas
  8 frilled lizards
  A frilled lizard skeleton (Crypt:1)
  A goblin skeleton (D:9)
  3 goblin zombies (D:9)
  4 hobgoblin zombies (D:9)
  A jackal zombie (D:7)
  2 kobold zombies
  A leopard gecko skeleton (D:6)
  3 orc skeletons (D:9)
  14 orc zombies (D:9)
  A quokka skeleton (Crypt:2)
  11 rats
  A rat zombie (Crypt:2)
  4 crawling corpses
  A lurking horror (Abyss:5)
  A plant (Lair:6)
  16 starspawn tentacles (Abyss:5)
  11 tentacles
5587 creatures vanquished.

Vanquished Creatures (collateral kills)
  2 hydras
  2 elephants (Lair:4)
  2 yaks (Lair:1)
  A warg (Orc:1)
  A porcupine (Lair:1)
  3 wolves (Lair:1)
  2 orcs (Orc:1)
13 creatures vanquished.

Vanquished Creatures (others)
  A Brimstone Fiend (Dis:7)
  A lich (Depths:5)
  An eldritch tentacle (Pan)
  A yaktaur captain (Vaults:5)
  An alligator (Swamp:2)
  A thrashing horror (Abyss:5)
  A sun demon (Pan)
  A deep elf knight (Elf:3)
  A shadow wraith (Vaults:4)
  A sixfirhy (Pan)
  A swamp dragon (Abyss:5)
  3 wizards (Pan)
  A deep elf mage (Elf:1)
  A moth of wrath (Zot:5)
  3 large abominations
  A tormentor (Geh:6)
  A yaktaur (Depths:5)
  A polar bear (IceCv)
  A hellwing (Depths:5)
  A hornet (Swamp:4)
  5 dream sheep (D:8)
  2 flying skulls (Coc:7)
  A ynoxinul (Pan)
  A spriggan (Swamp:4)
  2 neqoxecs (Pan)
  A boggart (Depths:1)
  A small abomination (Abyss:5)
  A wight (Geh:5)
  An iron imp (Dis:7)
  An orc wizard (Orc:2)
  7 ball lightnings (Pan)
  A briar patch (Swamp:2)
  2 crawling corpses (Elf:3)
  A fire vortex (Pan)
  92 fungi
  3 lurking horrors
  82 plants
  20 starspawn tentacles (Abyss:5)
  8 tentacles
256 creatures vanquished.

Grand Total: 5856 creatures vanquished

Notes
Turn   | Place    | Note
-------+----------+-------------------------------------------
     0 | D:1      | Hydrazoo the Octopode Transmuter began the quest for the
                  | Orb.
     0 | D:1      | Reached XP level 1. HP: 13/13 MP: 3/3
    22 | D:1      | Reached XP level 2. HP: 10/18 MP: 5/5
   798 | D:1      | Reached XP level 3. HP: 20/23 MP: 6/6
  1134 | D:1      | Learned a level 3 spell: Spider Form
  1521 | D:2      | Found a radiant altar of Vehumet.
  1604 | D:2      | Reached XP level 4. HP: 28/28 MP: 3/7
  2635 | D:3      | Found a shadowy altar of Dithmenos.
  2641 | D:3      | Reached XP level 5. HP: 33/34 MP: 8/8
  2650 | D:3      | Learned a level 4 spell: Ice Form
  2693 | D:3      | Noticed Purgy
  2706 | D:3      | Killed Purgy
  2706 | D:3      | Reached skill level 1 in Ice Magic
  2833 | D:3      | Reached XP level 6. HP: 32/41 MP: 6/9
  3980 | D:4      | Found a glowing golden altar of the Shining One.
  4024 | D:4      | Found a staircase to the Ecumenical Temple.
  4030 | Temple   | Entered the Ecumenical Temple
  4456 | D:4      | Noticed Ijyb
  4461 | D:4      | Noticed Grinder
  4530 | D:4      | Killed Ijyb
  4547 | D:4      | Reached XP level 7. HP: 42/45 MP: 10/10
  4557 | D:4      | Killed Grinder
  4557 | D:4      | Reached skill level 5 in Transmutations
  4765 | D:4      | Noticed Duvessa
  4766 | D:4      | Noticed Dowan
  4783 | D:5      | Entered Level 5 of the Dungeon
  4989 | D:5      | Noticed Blork the orc
  5004 | D:5      | Killed Blork the orc
  5403 | D:5      | Reached XP level 8. HP: 34/52 MP: 2/11
  5677 | D:5      | Found a deep blue altar of Sif Muna.
  6101 | D:5      | Found a deep blue altar of Sif Muna.
  6121 | D:5      | Identified Sif Muna's Compendium of Beguiling
  6308 | D:6      | Reached skill level 5 in Unarmed Combat
  6326 | D:6      | Found a glowing drain.
  6362 | Sewer    | Entered a sewer
  6515 | Sewer    | Reached skill level 5 in Ice Magic
  7533 | D:6      | Noticed Sigmund
  7541 | D:6      | Killed Sigmund
  7541 | D:6      | Reached skill level 5 in Fighting
  7541 | D:6      | Reached XP level 9. HP: 32/61 MP: 7/12
  8729 | D:7      | Learned a level 3 spell: Regeneration
  9030 | D:8      | Found a glowing silver altar of Zin.
  9041 | D:8      | Found a snail-covered altar of Cheibriados.
  9114 | D:8      | Reached skill level 1 in Necromancy
  9342 | D:8      | Found a staircase to the Lair.
  9452 | D:8      | Found a burning altar of Makhleb.
  9478 | D:8      | Became a worshipper of Makhleb the Destroyer
  9718 | D:8      | Found an ornate altar of the Wu Jian Council.
  9736 | D:8      | Reached XP level 10. HP: 62/71 MP: 8/13
  9881 | D:8      | Found a shimmering altar of Xom.
 10031 | D:9      | Noticed a two-headed ogre
 10138 | D:9      | Found a hazy altar of Hepliaklqana.
 10138 | D:9      | Found a stormy altar of Qazlal.
 10139 | D:9      | Found a bloodstained altar of Trog.
 10217 | D:9      | Reached * piety under Makhleb
 10493 | D:9      | Found a staircase to the Orcish Mines.
 10576 | D:9      | Killed a two-headed ogre
 10793 | D:9      | Reached skill level 5 in Dodging
 11240 | D:9      | Reached skill level 1 in Charms
 11464 | D:9      | Reached ** piety under Makhleb
 11922 | D:9      | Noticed a two-headed ogre
 12382 | D:10     | Entered Level 10 of the Dungeon
 12465 | D:10     | Found an iron altar of Okawaru.
 12512 | D:10     | Noticed a gargoyle
 12525 | D:10     | Killed a gargoyle
 12637 | D:10     | Noticed Erolcha
 12646 | D:10     | Killed Erolcha
 12656 | D:10     | Reached XP level 11. HP: 67/78 MP: 11/14
 12923 | D:10     | Reached *** piety under Makhleb
 13856 | D:11     | Reached skill level 10 in Unarmed Combat
 13895 | D:11     | Reached skill level 1 in Invocations
 14018 | D:11     | Noticed a cyan ugly thing
 14027 | D:11     | Killed a cyan ugly thing
 14470 | D:11     | Noticed a two-headed ogre
 14482 | D:11     | Killed a two-headed ogre
 15045 | Lair:1   | Entered Level 1 of the Lair of Beasts
 15087 | Lair:1   | Reached skill level 10 in Fighting
 15146 | Lair:1   | Reached **** piety under Makhleb
 15826 | Lair:1   | Reached XP level 12. HP: 73/88 MP: 15/15
 16355 | Lair:1   | You fall through a shaft!
 16517 | Lair:2   | Found a runed gate.
 16517 | Lair:2   | Found a runed gate.
 16517 | Lair:2   | Found a runed gate.
 16518 | Lair:2   | Noticed Gildeon's ghost (journeyman MiFi)
 16599 | Lair:2   | Noticed an eight-headed hydra
 16607 | Lair:2   | Killed an eight-headed hydra
 17176 | Lair:2   | Noticed a six-headed hydra
 17191 | Lair:2   | Killed a six-headed hydra
 17816 | Lair:3   | Noticed a five-headed hydra
 17856 | Lair:3   | Noticed a seven-headed hydra
 18513 | Lair:4   | Reached skill level 5 in Invocations
 18720 | Lair:4   | Found a staircase to the Swamp.
 19455 | Lair:5   | Reached XP level 13. HP: 95/95 MP: 18/18
 19471 | Lair:5   | Found a frozen archway.
 19483 | IceCv    | Entered an ice cave
 20382 | IceCv    | Noticed a frost giant
 20405 | IceCv    | Killed a frost giant
 20481 | IceCv    | Reached ***** piety under Makhleb
 20729 | Lair:5   | Reached skill level 5 in Spellcasting
 21311 | Lair:5   | Found a runed door.
 21312 | Lair:5   | Noticed Cofemuv's ghost (journeyman NaFi)
 21872 | Orc:1    | Entered Level 1 of the Orcish Mines
 22395 | Orc:2    | Entered Level 2 of the Orcish Mines
 23173 | Orc:2    | Found Ruchoe's General Store.
 23224 | Orc:1    | Reached XP level 14. HP: 73/104 MP: 21/21
 23778 | Orc:2    | Found Kuuqyv's Book Emporium.
 24991 | Orc:2    | Noticed Donald
 26035 | D:13     | Reached skill level 10 in Dodging
 27159 | D:14     | Found Fumman's Assorted Antiques.
 27163 | D:14     | Bought a scroll labeled OSKI ACUJUHYI for 27 gold pieces
 27337 | D:14     | Found Ejuwkuys's Distillery.
 27571 | D:14     | Found Eqaa's Assorted Antiques.
 27576 | D:14     | Found Fumool's Book Boutique.
 27584 | D:14     | Bought the Reference Book on Summoning and Transformation
                  | for 1000 gold pieces
 27660 | D:14     | Bought a potion of experience for 700 gold pieces
 27660 | D:14     | Reached skill level 10 in Transmutations
 27660 | D:14     | Reached XP level 15. HP: 109/109 MP: 22/22
 27669 | D:14     | Learned a level 7 spell: Dragon Form
 27753 | D:14     | Found Nucasoyk's Antique Armour Shop.
 28447 | D:14     | Bought a potion of brilliance for 56 gold pieces
 28447 | D:14     | Bought a potion of might for 56 gold pieces
 28582 | Orc:1    | Killed Donald
 28715 | Orc:2    | Found a staircase to the Elven Halls.
 28780 | Orc:2    | Found Liuran's Antique Armour Boutique.
 28805 | Orc:2    | Paralysed by an orc sorcerer for 3 turns
 29051 | Orc:2    | Noticed an orc warlord
 29063 | Orc:2    | Killed an orc warlord
 29063 | Orc:2    | Reached XP level 16. HP: 117/117 MP: 23/23
 29098 | Orc:2    | Found a roughly hewn altar of Beogh.
 29231 | Orc:2    | Found Nibe's Antique Weapon Shop.
 29878 | Lair:3   | Found a staircase to the Snake Pit.
 30277 | Lair:6   | Entered Level 6 of the Lair of Beasts
 30531 | Lair:6   | Reached ****** piety under Makhleb
 30703 | Lair:6   | Found a staircase to the Slime Pits.
 30801 | Lair:6   | Found a runed door.
 31208 | Lair:6   | Learned a level 5 spell: Irradiate
 31588 | Lair:6   | Identified the Handbook of the Fox
 32467 | D:14     | Bought a potion of experience for 700 gold pieces
 32467 | D:14     | Reached skill level 15 in Transmutations
 32467 | D:14     | Reached XP level 17. HP: 122/122 MP: 25/25
 32473 | D:15     | Entered Level 15 of the Dungeon
 32510 | D:15     | Noticed Rupert
 32521 | D:15     | Killed Rupert
 32567 | D:15     | Found Waimneps's Assorted Antiques.
 32607 | D:15     | Identified the +8 trident "Amuuxkey" {freeze, Fragile +Inv
                  | rF++ Stlth+}
 32616 | D:15     | Found a runed door.
 32637 | D:15     | Noticed Lanoc's ghost (journeyman DrBe)
 32772 | D:15     | Found a staircase to the Depths.
 33417 | Swamp:1  | Entered Level 1 of the Swamp
 33448 | Swamp:1  | Reached XP level 18. HP: 128/128 MP: 27/27
 34169 | Swamp:2  | Noticed Nikola
 34229 | Swamp:2  | Killed Nikola
 34544 | Swamp:2  | You fall through a shaft!
 35220 | Swamp:4  | Entered Level 4 of the Swamp
 35657 | Swamp:4  | Reached skill level 15 in Unarmed Combat
 35903 | Swamp:4  | Got a decaying rune of Zot
 36217 | Swamp:4  | Learned a level 6 spell: Statue Form
 36411 | Snake:1  | Entered Level 1 of the Snake Pit
 36445 | Snake:1  | Reached skill level 15 in Fighting
 36454 | Snake:1  | Reached skill level 1 in Earth Magic
 36626 | Snake:1  | Reached XP level 19. HP: 139/139 MP: 21/30
 38354 | Snake:2  | Noticed Louise
 38368 | Snake:2  | Killed Louise
 39300 | Snake:3  | Reached skill level 5 in Earth Magic
 39418 | Snake:3  | Noticed Asterion
 39424 | Snake:3  | Killed Asterion
 39681 | Snake:3  | Noticed Roxanne
 39701 | Snake:3  | Noticed Vashnia
 39710 | Snake:3  | Killed Vashnia
 40942 | Snake:4  | Entered Level 4 of the Snake Pit
 42448 | Snake:4  | Reached XP level 20. HP: 149/149 MP: 31/31
 42515 | Snake:4  | Found Giat's Jewellery Emporium.
 43368 | Snake:4  | Got a serpentine rune of Zot
 43782 | D:14     | Found a gate to the Vaults.
 44257 | Elf:1    | Entered Level 1 of the Elven Halls
 44272 | Elf:1    | Reached skill level 1 in Shields
 44393 | Elf:1    | Noticed Azrael
 44405 | Elf:1    | Killed Azrael
 44549 | Elf:1    | Found Matreget's Jewellery Boutique.
 45122 | Elf:2    | Found a huge runed gate.
 45122 | Elf:2    | Found a huge runed gate.
 45122 | Elf:2    | Found a huge runed gate.
 45123 | Elf:2    | Found a huge runed gate.
 45123 | Elf:2    | Found a huge runed gate.
 45732 | Elf:3    | Entered Level 3 of the Elven Halls
 46382 | Elf:3    | Reached XP level 21. HP: 159/159 MP: 32/32
 46474 | Elf:3    | Reached skill level 5 in Shields
 46712 | Elf:3    | Identified the cursed +1 battleaxe of Evisceration {chop,
                  | rF+ rC+ Str-4 Dex+4}
 46712 | Elf:3    | Identified a ring of the Octopus King {rF+ AC+1 EV+1 Str+1
                  | Int+1 Dex+1}
 46737 | Elf:3    | Identified the +11 long sword "Mabby" {freeze, Int+4}
 46754 | Elf:3    | Identified the Guide on Viperous Necromancy
 47277 | Vaults:1 | Entered Level 1 of the Vaults
 47859 | Vaults:1 | Found Waiwk's Antique Weapon Emporium.
 48810 | Vaults:2 | Reached XP level 22. HP: 169/169 MP: 33/33
 49510 | Vaults:2 | Paralysed by an ogre mage for 6 turns
 49522 | Vaults:2 | Paralysed by an ogre mage for 5 turns
 50185 | Vaults:2 | Found a staircase to the Crypt.
 51094 | Vaults:3 | You are sucked into a shaft!
 51263 | Vaults:3 | Got a wavering emerald amulet
 51264 | Vaults:3 | Identified the amulet "Jimef" {Faith rN+ MR+ Int-4 Dex+2}
                  | (You found it on level 3 of the Vaults)
 51386 | Vaults:3 | Reached XP level 23. HP: 178/178 MP: 34/34
 52435 | Vaults:4 | Paralysed by a great orb of eyes for 4 turns
 53789 | Crypt:1  | Entered Level 1 of the Crypt
 54026 | Crypt:1  | Reached XP level 24. HP: 189/189 MP: 34/34
 54538 | Orc:2    | Bought the +0 mask of the Dragon {MR+ Slay+3 SInv} for 1269
                  | gold pieces
 54538 | Orc:2    | Found the +0 mask of the Dragon {MR+ Slay+3 SInv}
 54882 | D:15     | Identified the +0 shield "Xuhiop" {rElec Str+4} (You found
                  | it on level 15 of the Dungeon)
 54900 | D:15     | Identified the +2 helmet of Shielding {Regen+ Str-5 Stlth+}
                  | (You found it on level 15 of the Dungeon)
 54927 | D:15     | Gained mutation: One of your tentacles bears a spike.
                  | [potion of mutation]
 54927 | D:15     | Gained mutation: Your muscles are strong. (Str +2) [potion
                  | of mutation]
 54927 | D:15     | Gained mutation: Your spells are a little harder to cast,
                  | but a little more powerful. [potion of mutation]
 54928 | D:15     | Lost mutation: Your spells are a little harder to cast, but
                  | a little more powerful. [potion of mutation]
 54928 | D:15     | Lost mutation: One of your tentacles bears a spike. [potion
                  | of mutation]
 54928 | D:15     | Gained mutation: Your body sometimes deteriorates upon
                  | taking damage. [potion of mutation]
 54928 | D:15     | Gained mutation: Your muscles are very strong. (Str +4)
                  | [potion of mutation]
 54929 | D:15     | Lost mutation: Your body sometimes deteriorates upon taking
                  | damage. [potion of mutation]
 54929 | D:15     | Lost mutation: Your muscles are very strong. (Str +4)
                  | [potion of mutation]
 54929 | D:15     | Gained mutation: Your muscles are very strong. (Str +4)
                  | [potion of mutation]
 54929 | D:15     | Gained mutation: You passively map a small area around you.
                  | [potion of mutation]
 55002 | Depths:1 | Entered Level 1 of the Depths
 55307 | Depths:1 | Found Votuink's General Store.
 55315 | Depths:1 | Found Kapsif's Food Shop.
 55536 | Depths:1 | Found a gateway to Hell.
 56166 | Depths:2 | Found a gateway to a ziggurat.
 57406 | Elf:1    | Bought the amulet of Hopatotu {RegenMP rElec rF+ Str+5
                  | Int+2} for 1051 gold pieces
 58099 | Depths:3 | Reached XP level 25. HP: 197/197 MP: 34/34
 58346 | Depths:3 | Gained mutation: Your spells are a little easier to cast,
                  | but a little less powerful. [a neqoxec]
 58351 | Depths:3 | Gained mutation: You tend to lose your temper in combat. [a
                  | neqoxec]
 58487 | Depths:3 | Found a one-way gate leading to the halls of Pandemonium.
 58789 | Depths:3 | Noticed a greater mummy
 58793 | Depths:3 | Killed a greater mummy
 59100 | Depths:3 | Noticed a greater mummy
 59108 | Depths:3 | Killed a greater mummy
 59109 | Depths:3 | Noticed a greater mummy
 59110 | Depths:3 | Found the +7 sceptre of Torment {pain, torment}
 59114 | Depths:3 | Killed a greater mummy
 59304 | Depths:4 | Reached skill level 10 in Shields
 59587 | Depths:4 | Noticed Xtahua
 59595 | Depths:4 | Killed Xtahua
 59892 | Depths:4 | Found a one-way gate to the infinite horrors of the Abyss.
 60522 | Depths:5 | Entered Level 5 of the Depths
 60545 | Depths:5 | Found Vyloehau's Gadget Boutique.
 60545 | Depths:5 | Found Gittink's Jewellery Shoppe.
 60546 | Depths:5 | Found Kur Yre's Gadget Boutique.
 60709 | Depths:5 | Reached XP level 26. HP: 205/205 MP: 34/34
 61144 | Depths:5 | Reached skill level 15 in Dodging
 61446 | Depths:5 | Found a gate to the Realm of Zot.
 61508 | Depths:5 | Lost mutation: Your muscles are very strong. (Str +4)
                  | [potion of mutation]
 61508 | Depths:5 | Lost mutation: You passively map a small area around you.
                  | [potion of mutation]
 61508 | Depths:5 | Lost mutation: You tend to lose your temper in combat.
                  | [potion of mutation]
 61508 | Depths:5 | Gained mutation: You have a pair of small antennae on your
                  | head. [potion of mutation]
 61508 | Depths:5 | Lost mutation: Your muscles are strong. (Str +2) [potion of
                  | mutation]
 61508 | Depths:5 | Gained mutation: Your muscles are strong. (Str +2) [potion
                  | of mutation]
 62569 | Crypt:3  | Entered Level 3 of the Crypt
 62580 | Crypt:3  | Found an ancient bone altar of Kikubaaqudgha.
 62685 | Crypt:3  | Found a staircase to the Tomb.
 62936 | Crypt:3  | Lost mutation: Your muscles are strong. (Str +2) [mutagenic
                  | glow]
 63374 | Crypt:3  | Found a basalt altar of Yredelemnul.
 63518 | Crypt:3  | Identified the cursed +2 long sword of Eternal War {drain,
                  | rN+ Str+8 Int-2}
 63518 | Crypt:3  | Identified the ring of Life {rC+ rN+ Int-4 Stlth+}
 63519 | Crypt:3  | Identified the ring "Ruonk" {rN+ Int+4}
 63519 | Crypt:3  | Noticed Jory
 63530 | Crypt:3  | Killed Jory
 63643 | Crypt:3  | Identified Winlapynni's Papyrus of Evil
 63709 | Crypt:3  | Reached XP level 27. HP: 214/214 MP: 34/34
 64038 | Vaults:5 | Entered Level 5 of the Vaults
 64507 | Vaults:5 | Paralysed by a sphinx for 3 turns
 64784 | Vaults:5 | Got a silver rune of Zot
 65514 | Vaults:5 | Identified Sif Muna's Compendium of Beguiling and Black
                  | Secrets
 66031 | Hell     | Entered the Vestibule of Hell
 66031 | Hell     | Noticed Geryon
 67289 | Hell     | Killed Geryon
 67399 | Hell     | Found a gateway to the decaying netherworld of Tartarus.
 67506 | Hell     | Found a gateway to the freezing wastes of Cocytus.
 67599 | Hell     | Found a gateway to the Iron City of Dis.
 67640 | Hell     | Found a gateway to the ashen valley of Gehenna.
 68041 | Elf:3    | Upgraded the game from 0.23-a0-808-gd21de94 to
                  | 0.23-a0-814-g91b4073
 68798 | Orc:1    | Identified a scroll of acquirement
 69136 | Zot:1    | Entered Level 1 of the Realm of Zot
 69477 | Zot:1    | Learned a level 5 spell: Borgnjor's Vile Clutch
 69576 | Zot:1    | Reached skill level 15 in Shields
 70075 | Zot:2    | Reached skill level 5 in Necromancy
 70569 | Zot:2    | Got a clouded granite ring
 70570 | Zot:2    | Identified the ring of the Three Lies {rElec Str+4 Slay+3
                  | SInv Stlth+} (You acquired it on level 2 of the Realm of
                  | Zot)
 73158 | Slime:1  | Entered Level 1 of the Pits of Slime
 73918 | Slime:5  | Entered Level 5 of the Pits of Slime
 73935 | Slime:5  | Gained mutation: You occasionally shout uncontrollably at
                  | your foes. [a shining eye]
 74158 | Slime:5  | Noticed the Royal Jelly
 74167 | Slime:5  | Killed the Royal Jelly
 74246 | Slime:5  | Found the ring of the Mage {Wiz MR++ Int+3}
 74607 | Slime:5  | Identified the ring "Bomejul" {rC+ EV+2} (You found it on
                  | level 5 of the Pits of Slime)
 74621 | Slime:5  | Got a slimy rune of Zot
 75263 | Depths:3 | Got a coiled jade ring
 75264 | Depths:3 | Identified the ring of the Ban {rElec rN+ Dex-2 Stlth+}
                  | (You acquired it on level 3 of the Depths)
 75271 | Pan      | Entered Pandemonium
 75413 | Pan      | Noticed Xicohyr the pandemonium lord
 75422 | Pan      | Killed Xicohyr the pandemonium lord
 76104 | Pan      | Found an exit through the horrors of the Abyss.
 76701 | Pan      | Reached skill level 27 in Fighting
 76891 | Pan      | Reached skill level 27 in Unarmed Combat
 76907 | Pan      | Learned a level 9 spell: Tornado
 77035 | Pan      | Reached skill level 1 in Air Magic
 77068 | Pan      | Noticed Odehoqa the pandemonium lord
 77079 | Pan      | Killed Odehoqa the pandemonium lord
 77212 | Pan      | Reached skill level 5 in Air Magic
 77554 | Pan      | Found a runed door.
 77766 | Pan      | Noticed Woorifu the pandemonium lord
 77828 | Pan      | Killed Woorifu the pandemonium lord
 78474 | Pan      | Reached skill level 10 in Spellcasting
 78650 | Pan      | Noticed Joohij the pandemonium lord
 78653 | Pan      | Killed Joohij the pandemonium lord
 78664 | Pan      | Reached skill level 10 in Air Magic
 78670 | Pan      | Got a demonic rune of Zot
 78918 | Pan      | Noticed Idghefewn the pandemonium lord
 78934 | Pan      | Killed Idghefewn the pandemonium lord
 79498 | Pan      | Found an exit through the horrors of the Abyss.
 79507 | Pan      | Took an exit into the Abyss.
 79507 | Abyss:1  | Escaped into the Abyss
 79507 | Abyss:1  | Found a corrupted altar of Lugonu.
 79815 | Depths:3 | Escaped the Abyss
 79817 | Pan      | Entered the realm of Cerebov.
 79817 | Pan      | Entered Pandemonium
 79851 | Pan      | Identified the +5 glaive of Indomitability {chop, +Inv rF-
                  | Str+5}
 79852 | Pan      | Identified the +6 sword of Cerebov {flame}
 79852 | Pan      | Noticed Cerebov
 79883 | Pan      | Killed Cerebov
 79922 | Pan      | Got a fiery rune of Zot
 80577 | Pan      | Identified the Catalogue of the Warped Frostbite
 80621 | Pan      | Learned a level 2 spell: Blink
 81018 | Pan      | Reached skill level 15 in Air Magic
 81339 | Pan      | Noticed Osurr the pandemonium lord
 81468 | Pan      | Found an exit through the horrors of the Abyss.
 81509 | Pan      | Noticed Moplaiji the pandemonium lord
 81520 | Pan      | Killed Moplaiji the pandemonium lord
 82654 | Pan      | Noticed Gaink the pandemonium lord
 82662 | Pan      | Killed Gaink the pandemonium lord
 83043 | Pan      | Found a runed door.
 83043 | Pan      | Noticed Kimip the pandemonium lord
 83401 | Pan      | Killed Kimip the pandemonium lord
 84040 | Pan      | Found an exit through the horrors of the Abyss.
 84314 | Pan      | Found a runed door.
 84332 | Pan      | Found a runed door.
 84342 | Pan      | Found a runed door.
 84355 | Pan      | Found a runed door.
 85116 | Pan      | Noticed Tawedoth the pandemonium lord
 85122 | Pan      | Killed Tawedoth the pandemonium lord
 85177 | Depths:3 | Escaped Pandemonium
 85302 | Tar:1    | Entered Level 1 of Tartarus
 86475 | Tar:7    | Entered Level 7 of Tartarus
 86896 | Tar:7    | Noticed Ereshkigal
 86911 | Tar:7    | Killed Ereshkigal
 87017 | Tar:7    | Identified the Compendium of Earthen Ice
 87020 | Tar:7    | Got a bone rune of Zot
 87031 | Tar:7    | Learned a level 5 spell: Aura of Abjuration
 87118 | Tar:7    | Got a fine tin ring
 87119 | Tar:7    | Identified the ring "Liungotz" {rElec rF+ MR+ Str+3 Int+2}
                  | (You found it on level 7 of Tartarus)
 87595 | Tar:7    | Gained mutation: You tend to lose your temper in combat.
                  | [mutagenic glow]
 87646 | Tar:7    | Gained mutation: Your magical capacity is low. (-10% MP)
                  | [mutagenic glow]
 87856 | Hell     | Lost mutation: You have a pair of small antennae on your
                  | head. [potion of mutation]
 87856 | Hell     | Lost mutation: Your spells are a little easier to cast, but
                  | a little less powerful. [potion of mutation]
 87856 | Hell     | Gained mutation: You are agile. (Dex +2) [potion of
                  | mutation]
 87856 | Hell     | Gained mutation: You are weak. (Str -2) [potion of
                  | mutation]
 87856 | Hell     | Gained mutation: Your spells are a little harder to cast,
                  | but a little more powerful. [potion of mutation]
 87857 | Hell     | Lost mutation: You tend to lose your temper in combat.
                  | [potion of mutation]
 87857 | Hell     | Lost mutation: You occasionally shout uncontrollably at
                  | your foes. [potion of mutation]
 87857 | Hell     | Lost mutation: Your magical capacity is low. (-10% MP)
                  | [potion of mutation]
 87857 | Hell     | Gained mutation: Your mind is acute. (Int +2) [potion of
                  | mutation]
 87857 | Hell     | Gained mutation: You are frail. (-10% HP) [potion of
                  | mutation]
 87857 | Hell     | Gained mutation: Your spells are harder to cast, but more
                  | powerful. [potion of mutation]
 87858 | Hell     | Lost mutation: You are agile. (Dex +2) [potion of mutation]
 87858 | Hell     | Lost mutation: Your mind is acute. (Int +2) [potion of
                  | mutation]
 87858 | Hell     | Lost mutation: You are weak. (Str -2) [potion of mutation]
 87858 | Hell     | Gained mutation: You have supernaturally acute eyesight.
                  | (SInv) [potion of mutation]
 87858 | Hell     | Gained mutation: You are partially covered in molten
                  | scales. (AC +2) [potion of mutation]
 87858 | Hell     | Gained mutation: Your muscles are strong. (Str +2) [potion
                  | of mutation]
 87953 | Pan      | Entered Pandemonium
 88152 | Pan      | Noticed Ynunnyd the pandemonium lord
 88158 | Pan      | Killed Ynunnyd the pandemonium lord
 88189 | Pan      | Entered the realm of Lom Lobon.
 88763 | Pan      | Found an exit through the horrors of the Abyss.
 88932 | Pan      | Reached skill level 27 in Air Magic
 88954 | Pan      | Noticed Lom Lobon
 88967 | Pan      | Killed Lom Lobon
 88989 | Pan      | Got a magical rune of Zot
 89156 | Pan      | Upgraded the game from 0.23-a0-814-g91b4073 to
                  | 0.23-a0-837-ga3e6480
 89251 | Pan      | Reached skill level 1 in Summonings
 89536 | Pan      | Found a runed door.
 89743 | Pan      | Found an exit through the horrors of the Abyss.
 89791 | Pan      | Reached skill level 5 in Summonings
 89841 | Pan      | Noticed Qoutz the pandemonium lord
 89955 | Pan      | Entered the realm of Gloorx Vloq.
 90115 | Pan      | Noticed Gloorx Vloq
 90126 | Pan      | Killed Gloorx Vloq
 90135 | Pan      | Got a dark rune of Zot
 90714 | Pan      | Reached skill level 15 in Spellcasting
 90819 | Pan      | Entered the realm of Mnoleg.
 90858 | Pan      | Lost mutation: Your spells are harder to cast, but more
                  | powerful. [a neqoxec]
 90861 | Pan      | Gained mutation: You are clumsy. (Dex -2) [a neqoxec]
 90862 | Pan      | Lost mutation: You have supernaturally acute eyesight.
                  | (SInv) [a neqoxec]
 90933 | Pan      | Gained mutation: You occasionally shout uncontrollably at
                  | your foes. [a cacodemon]
 90949 | Pan      | Gained mutation: You sometimes yell uncontrollably at your
                  | foes. [a neqoxec]
 90966 | Pan      | Gained mutation: You frequently scream uncontrollably at
                  | your foes. [a neqoxec]
 91061 | Pan      | Noticed Mnoleg
 91071 | Pan      | Killed Mnoleg
 91081 | Pan      | Gained mutation: You are very frail. (-20% HP) [a neqoxec]
 91100 | Pan      | Got a glowing rune of Zot
 91109 | Pan      | Gained mutation: You are extremely frail. (-30% HP) [a
                  | cacodemon]
 91555 | Pan      | Gained mutation: You passively map a small area around you.
                  | [a neqoxec]
 91600 | Pan      | Lost mutation: You are clumsy. (Dex -2) [potion of
                  | mutation]
 91600 | Pan      | Lost mutation: You frequently scream uncontrollably at your
                  | foes. [potion of mutation]
 91600 | Pan      | Gained mutation: You are partially covered in rugged brown
                  | scales. (AC +1, +3% HP) [potion of mutation]
 91600 | Pan      | Gained mutation: You are agile. (Dex +2) [potion of
                  | mutation]
 91600 | Pan      | Gained mutation: Your mind is acute. (Int +2) [potion of
                  | mutation]
 91601 | Pan      | Lost mutation: Your muscles are strong. (Str +2) [potion of
                  | mutation]
 91601 | Pan      | Lost mutation: You are agile. (Dex +2) [potion of mutation]
 91601 | Pan      | Lost mutation: You are extremely frail. (-30% HP) [potion
                  | of mutation]
 91601 | Pan      | Lost mutation: You are very frail. (-20% HP) [potion of
                  | mutation]
 91601 | Pan      | Gained mutation: Your flesh is cold resistant. (rC+)
                  | [potion of mutation]
 91601 | Pan      | Gained mutation: You have a pair of small antennae on your
                  | head. [potion of mutation]
 91601 | Pan      | Gained mutation: You are somewhat resistant to further
                  | mutation. [potion of mutation]
 91653 | Pan      | Noticed Ytojiy the pandemonium lord
 91658 | Pan      | Killed Ytojiy the pandemonium lord
 91684 | Pan      | Gained mutation: Your body sometimes deteriorates upon
                  | taking damage. [a cacodemon]
 91882 | Pan      | Found an exit through the horrors of the Abyss.
 91921 | Pan      | Identified the +8 spear "Gasati" {antimagic, rPois}
 92499 | Pan      | Gained mutation: You frequently scream uncontrollably at
                  | your foes. [a cacodemon]
 92759 | Pan      | Identified the Guide on Helpful Summoning
 92841 | Pan      | Found a runed door.
 92903 | Pan      | Noticed Exuots the pandemonium lord
 92919 | Pan      | Killed Exuots the pandemonium lord
 92938 | Pan      | Found an exit through the horrors of the Abyss.
 92957 | Pan      | Took an exit into the Abyss.
 92957 | Abyss:1  | Escaped into the Abyss
 93086 | Depths:3 | Escaped the Abyss
 93185 | Geh:1    | Entered Level 1 of Gehenna
 93340 | Geh:5    | Lost mutation: You are somewhat resistant to further
                  | mutation. [mutagenic glow]
 93645 | Geh:7    | Entered Level 7 of Gehenna
 93939 | Geh:7    | Identified the +7 sceptre of Asmodeus
 93939 | Geh:7    | Noticed Asmodeus
 93947 | Geh:7    | HP: 11/270 [balrug/divine providence[Asmodeus] (13)]
 93952 | Geh:7    | Killed Asmodeus
 94086 | Geh:7    | Got an obsidian rune of Zot
 94516 | Dis:1    | Entered Level 1 of the Iron City of Dis
 94804 | Dis:2    | Gained mutation: Scrolls take you a little longer to read.
                  | [mutagenic glow]
 95331 | Dis:7    | Entered Level 7 of the Iron City of Dis
 95384 | Dis:7    | Found a huge runed gate.
 95384 | Dis:7    | Found a huge runed gate.
 95384 | Dis:7    | Found a huge runed gate.
 95389 | Dis:7    | Found a huge runed gate.
 95390 | Dis:7    | Found a huge runed gate.
 95390 | Dis:7    | Found a huge runed gate.
 95390 | Dis:7    | Found a huge runed gate.
 95390 | Dis:7    | Found a huge runed gate.
 95390 | Dis:7    | Found a huge runed gate.
 95391 | Dis:7    | Found a huge runed gate.
 95401 | Dis:7    | Found a huge runed gate.
 95401 | Dis:7    | Found a huge runed gate.
 95401 | Dis:7    | Found a huge runed gate.
 95401 | Dis:7    | Found a huge runed gate.
 95401 | Dis:7    | Found a huge runed gate.
 95401 | Dis:7    | Found a huge runed gate.
 95401 | Dis:7    | Found a huge runed gate.
 95662 | Dis:7    | Got a wavering steel ring
 95665 | Dis:7    | Identified the ring of Moyji {rElec rPois rF+ Int-5 Slay+3}
                  | (You found it on level 7 of the Iron City of Dis)
 95705 | Dis:7    | Found the +10 large shield of Ignorance {rN+ Int-4}
 95862 | Dis:7    | Noticed the Serpent of Hell
 95879 | Dis:7    | Killed the Serpent of Hell
 95997 | Dis:7    | Identified the +4 staff of Dispater
 95997 | Dis:7    | Noticed Dispater
 96017 | Dis:7    | Gained mutation: You are very frail. (-20% HP) [a
                  | cacodemon]
 96021 | Dis:7    | Killed Dispater
 96117 | Hell     | Lost mutation: Your flesh is cold resistant. (rC+) [potion
                  | of mutation]
 96117 | Hell     | Lost mutation: Your mind is acute. (Int +2) [potion of
                  | mutation]
 96117 | Hell     | Gained mutation: You are somewhat resistant to further
                  | mutation. [potion of mutation]
 96119 | Coc:1    | Entered Level 1 of Cocytus
 96149 | Coc:1    | You fall through a shaft!
 96446 | Coc:4    | Gained mutation: You are occasionally teleported next to
                  | monsters. [mutagenic glow]
 96791 | Coc:7    | Entered Level 7 of Cocytus
 97126 | Coc:7    | Identified the ring of Trog's Whim {rElec rPois Int+2
                  | Stlth-} (You found it on level 7 of Cocytus)
 97148 | Coc:7    | Identified the Almanac of Transmigration and Heat
 97173 | Coc:7    | Identified the ring of Greed {rPois rF+++ rC+ MR- Str+4}
 97173 | Coc:7    | Noticed Antaeus
 97188 | Coc:7    | Killed Antaeus
 97217 | Coc:7    | Got an icy rune of Zot
 97220 | Coc:7    | Identified the Disquisition on the Compass and Earth
 97734 | Dis:4    | You fall through a shaft for 2 floors!
 97741 | Dis:6    | You fall through a shaft!
 97870 | Dis:7    | Got an iron rune of Zot
 98332 | Tomb:1   | Entered Level 1 of the Tomb of the Ancients
 98455 | Tomb:1   | Noticed a greater mummy
 98460 | Tomb:1   | Noticed a greater mummy
 98464 | Tomb:1   | Killed a greater mummy
 98470 | Tomb:1   | Killed a greater mummy
 99037 | Tomb:1   | Noticed a greater mummy
 99037 | Tomb:1   | Noticed a greater mummy
 99038 | Tomb:1   | Noticed a greater mummy
 99042 | Tomb:1   | Noticed a greater mummy
 99047 | Tomb:1   | Killed a greater mummy
 99051 | Tomb:1   | Killed a greater mummy
 99053 | Tomb:1   | Killed a greater mummy
 99053 | Tomb:1   | Noticed a greater mummy
 99056 | Tomb:1   | Killed a greater mummy
 99063 | Tomb:1   | Killed a greater mummy
 99063 | Tomb:1   | Noticed a greater mummy
 99068 | Tomb:1   | Killed a greater mummy
 99088 | Tomb:1   | Noticed a greater mummy
 99095 | Tomb:1   | Killed a greater mummy
 99097 | Tomb:1   | Noticed a greater mummy
 99104 | Tomb:1   | Killed a greater mummy
 99140 | Tomb:1   | Noticed a greater mummy
 99148 | Tomb:1   | Killed a greater mummy
 99162 | Tomb:1   | Noticed a greater mummy
 99167 | Tomb:1   | Noticed a greater mummy
 99168 | Tomb:1   | Killed a greater mummy
 99175 | Tomb:1   | Killed a greater mummy
 99181 | Tomb:1   | Noticed a greater mummy
 99189 | Tomb:1   | Killed a greater mummy
 99311 | Tomb:1   | Noticed a greater mummy
 99321 | Tomb:1   | Killed a greater mummy
 99410 | Tomb:2   | Noticed a greater mummy
 99410 | Tomb:2   | Noticed a greater mummy
 99411 | Tomb:2   | Noticed a greater mummy
 99411 | Tomb:2   | Noticed a greater mummy
 99417 | Tomb:2   | Killed a greater mummy
 99419 | Tomb:2   | Killed a greater mummy
 99420 | Tomb:2   | Killed a greater mummy
 99421 | Tomb:2   | Killed a greater mummy
100221 | Tomb:3   | Entered Level 3 of the Tomb of the Ancients
100230 | Tomb:3   | Reached skill level 10 in Necromancy
100230 | Tomb:3   | Noticed Mennas
100236 | Tomb:3   | Noticed a greater mummy
100238 | Tomb:3   | Killed Mennas
100241 | Tomb:3   | Noticed an ancient lich
100249 | Tomb:3   | Noticed a greater mummy
100251 | Tomb:3   | Killed an ancient lich
100256 | Tomb:3   | Noticed a greater mummy
100262 | Tomb:3   | Killed a greater mummy
100265 | Tomb:3   | Killed a greater mummy
100268 | Tomb:3   | Noticed a greater mummy
100276 | Tomb:3   | Killed a greater mummy
100302 | Tomb:3   | Noticed a greater mummy
100313 | Tomb:3   | Killed a greater mummy
100451 | Tomb:3   | Noticed a greater mummy
100453 | Tomb:3   | Noticed an ancient lich
100461 | Tomb:3   | Killed an ancient lich
100462 | Tomb:3   | Killed a greater mummy
100481 | Tomb:3   | Noticed a greater mummy
100485 | Tomb:3   | Killed a greater mummy
100490 | Tomb:3   | Killed a greater mummy
100525 | Tomb:3   | Found the +4 robe of Augmentation {Str+4 Int+4 Dex+4}
100536 | Tomb:3   | Found the +7 Singing Sword {slice, sonic wave}
100929 | Tomb:3   | Got a golden rune of Zot
101676 | Zot:5    | Entered Level 5 of the Realm of Zot
101683 | Zot:4    | Got a wavering pewter ring
101690 | Zot:4    | Identified the ring "Dobira Puwn" {Str+4 Int+2 Dex+3
                  | Slay+2} (You acquired it on level 4 of the Realm of Zot)
101701 | Zot:5    | Reached skill level 1 in Stealth
101754 | Zot:5    | Reached skill level 5 in Stealth
101800 | Zot:5    | Noticed an ancient lich
101800 | Zot:5    | Noticed an ancient lich
101800 | Zot:5    | Noticed an orb of fire
101814 | Zot:5    | Noticed an ancient lich
101818 | Zot:5    | Lost mutation: You frequently scream uncontrollably at your
                  | foes. [an orb of fire]
101819 | Zot:5    | Killed an orb of fire
101821 | Zot:5    | Killed an ancient lich
101826 | Zot:5    | Killed an ancient lich
101849 | Zot:5    | Killed an ancient lich
101849 | Zot:5    | Reached skill level 10 in Stealth
101857 | Zot:5    | Reached skill level 15 in Necromancy
101869 | Zot:5    | Noticed an ancient lich
101873 | Zot:5    | Noticed an ancient lich
101873 | Zot:5    | Noticed an orb of fire
101873 | Zot:5    | Noticed an ancient lich
101877 | Zot:5    | Noticed an ancient lich
101879 | Zot:5    | Killed an ancient lich
101884 | Zot:5    | Killed an ancient lich
101892 | Zot:5    | Killed an ancient lich
101900 | Zot:5    | Killed an orb of fire
102071 | Zot:5    | Killed an ancient lich
102848 | Depths:4 | Voluntarily entered the Abyss.
103208 | Abyss:2  | Found a corrupted altar of Lugonu.
103493 | Abyss:2  | Gained mutation: You are sometimes teleported next to
                  | monsters. [a neqoxec]
103501 | Abyss:3  | Found a corrupted altar of Lugonu.
103941 | Abyss:5  | Entered Level 5 of the Abyss
103949 | Abyss:5  | Found a corrupted altar of Lugonu.
104049 | Abyss:5  | Found a corrupted altar of Lugonu.
104084 | Abyss:5  | Paralysed by accursed screaming for 1 turns
104092 | Abyss:5  | Found a sacrificial altar of Ru.
104454 | Abyss:5  | Found a huge runed gate.
104455 | Abyss:5  | Found a huge runed gate.
104456 | Abyss:5  | Found a huge runed gate.
104458 | Abyss:5  | Found a huge runed gate.
104458 | Abyss:5  | Found a huge runed gate.
104458 | Abyss:5  | Found a huge runed gate.
104458 | Abyss:5  | Found a huge runed gate.
104458 | Abyss:5  | Found a huge runed gate.
104458 | Abyss:5  | Found a huge runed gate.
104462 | Abyss:5  | Found a huge runed gate.
104462 | Abyss:5  | Found a huge runed gate.
104462 | Abyss:5  | Found a huge runed gate.
104462 | Abyss:5  | Found a huge runed gate.
104463 | Abyss:5  | Found a huge runed gate.
104465 | Abyss:5  | Found a huge runed gate.
104465 | Abyss:5  | Found a huge runed gate.
104465 | Abyss:5  | Found a huge runed gate.
104465 | Abyss:5  | Found a huge runed gate.
104465 | Abyss:5  | Found a huge runed gate.
104465 | Abyss:5  | Found a huge runed gate.
104465 | Abyss:5  | Found a huge runed gate.
104465 | Abyss:5  | Found a huge runed gate.
104466 | Abyss:5  | Found a huge runed gate.
104467 | Abyss:5  | Found a huge runed gate.
104467 | Abyss:5  | Found a huge runed gate.
104468 | Abyss:5  | Found a huge runed gate.
104483 | Abyss:5  | Found a runed door.
104508 | Abyss:5  | Found a huge runed gate.
104592 | Abyss:5  | Found a runed door.
104604 | Abyss:5  | Found a huge runed gate.
104604 | Abyss:5  | Found a huge runed gate.
104610 | Abyss:5  | Found a huge runed gate.
104610 | Abyss:5  | Found a huge runed gate.
104610 | Abyss:5  | Found a huge runed gate.
104610 | Abyss:5  | Found a huge runed gate.
104623 | Abyss:5  | Found a huge runed gate.
104698 | Abyss:5  | Found a corrupted altar of Lugonu.
104804 | Abyss:5  | Paralysed by accursed screaming for 1 turns
104888 | Abyss:5  | Gained mutation: You do not regenerate when monsters are
                  | visible. [a shining eye]
104895 | Abyss:5  | Found a corrupted altar of Lugonu.
104966 | Abyss:5  | Found a runed door.
104970 | Abyss:5  | Found a huge runed gate.
104982 | Abyss:5  | Found a huge runed gate.
104986 | Abyss:5  | Reached skill level 27 in Spellcasting
104988 | Abyss:5  | Reached skill level 1 in Evocations
104997 | Abyss:5  | Found a huge runed gate.
104997 | Abyss:5  | Found a huge runed gate.
105023 | Abyss:5  | Reached skill level 5 in Evocations
105318 | Abyss:5  | Got an abyssal rune of Zot
105322 | Depths:4 | Escaped the Abyss
105692 | Zot:5    | Got the Orb of Zot
105814 | Zot:2    | Noticed Diac the pandemonium lord
105822 | Zot:2    | Killed Diac the pandemonium lord
105932 | Zot:1    | Gained mutation: You are clumsy. (Dex -2) [a neqoxec]
106323 | D:10     | Noticed Qoupp the pandemonium lord
106330 | D:10     | Killed Qoupp the pandemonium lord
106369 | D:9      | Reached skill level 10 in Evocations
106546 | D:$      | Escaped with the Orb!

Vault maps used:
D:1:      scummos_arrival_forest
D:2:      vehumet_crystals, minmay_ruptured
D:3:      grunt_dithmenos_smoke, uniq_purgy
D:4:      lemuel_crystal_altar, tso_oasis_becter, minmay_temple_entry_fiery,
          uniq_grinder, uniq_ijyb, uniq_duvessa
D:5:      led_sif_book, first_ration, kennysheep_flooded_box, uniq_blork_the_orc
D:6:      cheibrodos_sewer_entry_sluice, uniq_sigmund
D:8:      demons_altar, cheibriados_altar_1, kb_xom_exploding_sheep,
          kennysheep_little_box, zin_academy
D:9:      gammafunk_temple_overflow_forgotten, zombieorc2_lemuel
D:10:     special_room, basic_altar, uniq_erolcha
D:14:     skrybe_vaults_entry_preservation, serial_shops, shop_fountains, shop,
          shop_fountains, shop, shop
D:15:     grunt_enter_depths_snipers, serial_shops,
          nicolae_shop_overgrown_old_shop, ebering_ghost_funeral_grove,
          dk_noncrumbling_4, minivault_12, uniq_rupert
Temple:   jpeg_temple_island
Lair:1:   hibernation_bobbens
Lair:2:   ebering_ghost_rock_garden, beast_lair_carwin_8, serial_bayou_shore_b
Lair:3:   minmay_snake_entry_guardpost_medium, serial_bayou_shore_a,
          grunt_megastairs_3
Lair:4:   swamp_mist_pool, grunt_megastairs_1
Lair:5:   ebering_ghost_reflecting_pool, portal_ice_cave_entry_pillars_1,
          lemuel_fruit_tree, infiniplex_staircase_pool_2
Lair:6:   hangedman_lair_caniforms_friends, wormcave, slime_dummy, st_stairs_10
Swamp:1:  evilmike_swamp_ruin_rubble_2
Swamp:2:  evilmike_swamp_ruin_house_6, uniq_nikola
Swamp:3:  evilmike_swamp_ruin_house_1, cheibrodos_swamp_slimy
Swamp:4:  swamp, swamp_pool1, nicolae_swamp_dense_foliage
Snake:1:  serial_bayou_shore_b, grunt_megastairs_4
Snake:2:  uniq_louise
Snake:3:  grunt_megastairs_2, uniq_vashnia, uniq_asterion, uniq_roxanne
Snake:4:  grunt_snake_rune_serpentine_throne, minmay_shop_enchanted_jewellery
Slime:2:  cheibrodos_slime_lost_civilization_7
Orc:2:    grunt_orc_gardens, grunt_orc_garden, grunt_orc_garden,
          grunt_orc_garden, grunt_orc_garden, kennysheep_orc_chapel, uniq_donald
Elf:1:    eino_elf_arrival_customs, serial_shops, shop, hangedman_elf_disciples,
          drop_trap, uniq_azrael
Elf:2:    patterned_corridor
Elf:3:    minmay_elf_hall_circle
Vaults:1: nicolae_vaults_network_square, nicolae_vaults_network_star,
          hangedman_vaults_slice, hangedman_vaults_restitches,
          vaults_room_fours, nicolae_vaults_border_crossing,
          nicolae_vaults_theta, serial_glass, serial_shops, shop_statue
Vaults:2: nicolae_vaults_network_s, hangedman_vaults_trim,
          vaults_mumra_minichess, vaults_dpeg_diagonal,
          nicolae_vaults_windows_and_doors_thing, st_more_cells,
          hangedman_vaults_slither, nicolae_vaults_rhombus_7, v_misc_16,
          vaults_room_ringed_pool, minmay_crypt_entry_nasty_monster,
          v_alt_pattern_6, nicolae_vaults_rhombus_7, grunt_vaults_diagonal
Vaults:3: ontoclasm_vaults_shuriken, nicolae_vaults_little_squares_1,
          grunt_vaults_swirl, nicolae_vaults_c_with_doors,
          hangedman_vaults_variations, v_misc_15, ontoclasm_vaults_fault,
          v_misc_27, v_alt_pattern_6, nicolae_vaults_hallways_thing,
          nicolae_vaults_twisting_passages, grunt_vaults_focal, v_misc_9,
          vaults_room_stairs_pillars
Vaults:4: hangedman_vaults_corner, vaults_room_hallway, v_misc_3,
          nicolae_vaults_mini_display_case, st_octagons_2,
          vaults_room_stairs_pillars, vaults_room_pools, vaults_room_hallway,
          vaults_mumra_hex, portal_desolation_entry_nicolae_nacl
Crypt:1:  library_closet, st_stairs_10, minmay_misc_feat_pillars
Crypt:3:  church_of_pain_bobbens, nicolae_tomb_entry_rubble_hallway,
          lemuel_hellish_altar
Tomb:3:   uniq_mennas
Depths:1: pf_coc_iceberg, chequers_jeans, drop_trap, due_unseen_surprise,
          serial_bayou_shore_b, minmay_shoptagon
Depths:2: mu_elephants_graveyard, enter_ziggurat_b, minmay_misc_feat_square,
          pf_dread_powers_of_hell
Depths:3: minmay_guarded_unrand_sceptre_of_torment, rand_demon_pan_entry_8,
          hell_entry, minmay_microvault, infiniplex_staircase_river
Depths:4: minmay_the_grid_triangle_9x9_rhombus_thin_mashed,
          nicolae_abyss_entry_one_way_or_another, hangedman_decor_slide_cut,
          grunt_hell_entry_dis_mu, kennysheep_crisscross,
          infiniplex_staircase_split_hallway, uniq_xtahua
Depths:5: grunt_zot_entry_gee_three, nicolae_sextant, abyss_entry, hellmouth_1,
          minmay_shop_grove, serial_bayou_shore_b, serial_bayou_shore_b
Dis:1:    hangedman_dis_decor_blocks_mantle
Dis:4:    hangedman_dis_decor_tower
Dis:7:    iron_city_of_dis, door_vault
Geh:5:    hangedman_elemental_grid_stream
Geh:7:    geh_mu
Coc:2:    door_vault
Coc:7:    coc_grunt_cove
Tar:2:    lemuel_nasty_fountain
Tar:5:    nicolae_tar_fractal_crypt
Tar:7:    tar_minmay_river
Zot:2:    lemuel_elevator
Zot:3:    st_stairs_12, drop_trap
Abyss:3:  gammafunk_abyss_rune_reverse_zot
Abyss:4:  doesnt_abyss_rune_brain_food, evilmike_abyss_exit_10
Abyss:5:  gammafunk_abyss_rune_reverse_zot
Pan:      rand_demon_6, evilmike_mini_pan_other_thingy, rand_demon_9,
          rand_demon_3, evilmike_mini_pan_possible_glass, cerebov_st,
          nicolae_pan_glass_arcs, pan_blood_fountain, evilmike_mini_pan_corner,
          pan_captured_pigsty, rand_demon_1, pan_blood_fountain_small,
          reaverb_pan_chaos_star, nicolae_pan_lom_lobonic_3,
          nicolae_pan_sigil_eeng, regret_index_pan_draining_boxed, rand_demon_7,
          nicolae_pan_strange_glyphs, nicolae_pan_cerebovesque_3,
          nicolae_pan_sigil_itan, evilmike_mini_pan_other_thingy, pan_surprise,
          lom_lobon_st, rand_demon_9, pan_blood_fountain_small,
          gloorx_vloq_grunt_torture_chamber, mnoleg_st,
          pan_blood_fountain_small, evilmike_mini_pan_layers, grunt_pan_spiral,
          pan_blood_fountain_small, nicolae_pan_sigil_nadil, rand_demon_4,
          rand_demon_9, grunt_pan_frozen_over
Sewer:    sewer_co_15_rooms
IceCv:    ice_cave_caverns_02

Skill      XL: |  1  2  3  4  5  6  7  8  9 10 11 12 13 14 15 16 17 18 19 20 21 22 23 24 25 26 27 |
---------------+----------------------------------------------------------------------------------+-----
Transmutations | 3 4 5 6 7 10 11 15 16 17 | 17.0
Fighting       | 2 3 5 7 8 10 11 12 13 15 16 18 19 20 21 22 23 24 27 | 27.0
Unarmed Combat | 4 6 7 9 10 11 12 13 15 16 18 19 20 21 22 23 24 27 | 27.0
Ice Magic      | 1 2 4 5 |  5.0
Dodging        | 4 5 6 8 9 10 11 13 14 15 23 | 23.0
Necromancy     | 1 3 15 | 15.9
Charms         | 2 3 |  3.0
Invocations    | 3 5 7 9 |  9.2
Spellcasting   | 3 5 6 7 27 | 27.0
Earth Magic    | 1 6 |  6.0
Shields        | 3 5 8 10 12 25 | 25.0
Air Magic      | 27 | 27.0
Summonings     | 8 |  8.0
Stealth        | 13 | 13.2
Evocations     | 10 | 10.2

Action                   |  1- 3 |  4- 6 |  7- 9 | 10-12 | 13-15 | 16-18 | 19-21 | 22-24 | 25-27 || total
-------------------------+-------+-------+-------+-------+-------+-------+-------+-------+-------++-------
Melee: Unarmed           |   102 |   119 |   352 |   684 |   768 |   720 |   909 |  1067 |  6553 || 11274
       Constrict         |    25 |     8 |    22 |    21 |     5 |     1 |    21 |    46 |   962 ||  1111
       Kick              |     4 |       |       |       |       |       |       |       |       ||     4
       Tentacles         |    15 |     5 |    22 |    19 |     6 |     4 |    29 |   116 |  1699 ||  1915
       Punch             |     1 |     1 |     5 |    10 |    11 |    74 |   117 |   190 |  1398 ||  1807
       Tailslap          |       |       |       |       |     9 |    97 |   101 |   125 |    35 ||   367
       Bite              |       |       |       |       |     6 |    86 |    81 |    83 |    30 ||   286
 Cast: Beastly Appendage |     1 |       |       |       |       |     1 |       |       |       ||     2
       Spider Form       |     3 |    11 |     6 |    15 |    10 |       |       |       |       ||    45
       Ice Form          |       |       |    28 |    48 |    72 |     3 |       |       |       ||   151
       Regeneration      |       |       |     1 |    25 |    47 |     8 |    13 |     2 |   114 ||   210
       Dragon Form       |       |       |       |       |     6 |    55 |    56 |    41 |    10 ||   168
       Irradiate         |       |       |       |       |       |    10 |     8 |     3 |    13 ||    34
       Statue Form       |       |       |       |       |       |       |     1 |    22 |   270 ||   293
       Tornado           |       |       |       |       |       |       |       |       |   113 ||   113
       Aura of Abjuratio |       |       |       |       |       |       |       |       |    30 ||    30
       Borgnjor's Vile C |       |       |       |       |       |       |       |       |     8 ||     8
       Blink             |       |       |       |       |       |       |       |       |     4 ||     4
Invok: Lesser Servant of |       |       |       |     9 |     7 |       |       |       |       ||    16
       Greater Servant o |       |       |       |       |       |       |       |       |     6 ||     6
 Abil: Breathe Fire      |       |       |       |       |       |     1 |     1 |       |       ||     2
       End Transformatio |       |       |       |       |       |       |     1 |     1 |     2 ||     4
Evoke: Wand              |       |       |       |     9 |    15 |       |       |     2 |     5 ||    31
  Use: Potion            |       |     2 |     1 |     1 |    10 |     3 |     8 |     4 |    38 ||    67
       Scroll            |       |       |     6 |    21 |    10 |     6 |    13 |     6 |    64 ||   126
 Stab: Sleeping          |     2 |     1 |     7 |     3 |     2 |     2 |     3 |     3 |    41 ||    64
       Confused          |       |     1 |     1 |       |       |     1 |       |       |     2 ||     5
       Distracted        |       |       |       |     4 |     2 |       |     1 |     3 |    53 ||    63
       Invisible         |       |       |       |       |     2 |       |       |       |     1 ||     3
  Eat: Chunk             |     3 |     6 |    16 |    28 |    39 |    37 |    33 |    41 |    31 ||   234
       Ration            |       |     1 |     3 |     6 |     4 |     8 |    12 |     6 |    86 ||   126
Armor: Skin              |     4 |     9 |    62 |   122 |   128 |   566 |   376 |   376 |  1309 ||  2952
Dodge: Dodged            |    64 |   108 |   200 |   541 |   591 |   721 |   724 |  1077 |  5123 ||  9149
Block: Buckler           |       |       |       |       |       |       |     3 |   149 |   595 ||   747
       Reflection        |       |       |       |       |       |       |       |     1 |    68 ||    69
       Shield            |       |       |       |       |       |       |       |       |  3741 ||  3741
       Large shield      |       |       |       |       |       |       |       |       |  1511 ||  1511

Table legend:
 A = Non-vault XP
 B = Vault XP
 C = Vault XP percentage of total XP
 D = Non-vault monster count
 E = Vault monster count
 F = Vault count percentage of total count
                 A         B        C        D         E       F
            +---------+---------+-------+---------+---------+-------
      Total | 2439480 | 2015313 |  45.2 |    3716 |    1761 |  32.2
            +---------+---------+-------+---------+---------+-------
        D:1 |      41 |       0 |   0.0 |      28 |       0 |   0.0
        D:2 |     107 |       6 |   5.3 |      24 |       2 |   7.7
        D:3 |     195 |     138 |  41.4 |      15 |       1 |   6.2
        D:4 |      96 |     317 |  76.8 |       7 |       2 |  22.2
        D:5 |     361 |     168 |  31.8 |      27 |       3 |  10.0
        D:6 |     618 |     230 |  27.1 |      12 |       4 |  25.0
        D:7 |    1529 |       0 |   0.0 |      30 |       0 |   0.0
        D:8 |     558 |     121 |  17.8 |      11 |       3 |  21.4
        D:9 |    3219 |     718 |  18.2 |      28 |      36 |  56.2
       D:10 |    1203 |    2701 |  69.2 |      21 |      25 |  54.3
       D:11 |    3617 |       0 |   0.0 |      28 |       0 |   0.0
       D:12 |    3203 |       0 |   0.0 |      27 |       0 |   0.0
       D:13 |    8255 |       0 |   0.0 |      26 |       0 |   0.0
       D:14 |   12208 |    4228 |  25.7 |      31 |       8 |  20.5
       D:15 |    7953 |   16654 |  67.7 |      32 |      15 |  31.9
     Lair:1 |    4755 |       0 |   0.0 |      27 |       0 |   0.0
     Lair:2 |    3647 |     910 |  20.0 |      13 |       9 |  40.9
     Lair:3 |    4131 |    1559 |  27.4 |      14 |       8 |  36.4
     Lair:4 |    4461 |       0 |   0.0 |      11 |       0 |   0.0
     Lair:5 |    5797 |       0 |   0.0 |      20 |       0 |   0.0
     Lair:6 |   14051 |   18730 |  57.1 |      41 |      76 |  65.0
    Swamp:1 |    9010 |       0 |   0.0 |      30 |       0 |   0.0
    Swamp:2 |   11885 |    4007 |  25.2 |      29 |       1 |   3.3
    Swamp:3 |   11254 |    2027 |  15.3 |      29 |       3 |   9.4
    Swamp:4 |    8890 |   21252 |  70.5 |      28 |      31 |  52.5
    Snake:1 |   18395 |     322 |   1.7 |      35 |       2 |   5.4
    Snake:2 |   18356 |    1553 |   7.8 |      35 |       1 |   2.8
    Snake:3 |    9886 |   13396 |  57.5 |      19 |      11 |  36.7
    Snake:4 |   25490 |   46239 |  64.5 |      41 |      62 |  60.2
    Slime:1 |    4229 |       0 |   0.0 |       9 |       0 |   0.0
    Slime:2 |    6751 |       0 |   0.0 |       8 |       0 |   0.0
    Slime:3 |    5706 |       0 |   0.0 |      15 |       0 |   0.0
    Slime:4 |    9297 |    2412 |  20.6 |      10 |       1 |   9.1
    Slime:5 |   14970 |   33229 |  68.9 |      23 |      16 |  41.0
      Orc:1 |    1355 |    6614 |  83.0 |      33 |      13 |  28.3
      Orc:2 |    2013 |    7955 |  79.8 |      23 |      20 |  46.5
      Elf:1 |   10839 |   10043 |  48.1 |      14 |      20 |  58.8
      Elf:2 |    6421 |    3092 |  32.5 |      10 |       5 |  33.3
      Elf:3 |   20040 |   46276 |  69.8 |      30 |      30 |  50.0
   Vaults:1 |   17232 |   26613 |  60.7 |      40 |      38 |  48.7
   Vaults:2 |   56291 |   28874 |  33.9 |      87 |      36 |  29.3
   Vaults:3 |   33770 |   31319 |  48.1 |      44 |      42 |  48.8
   Vaults:4 |   46474 |   46486 |  50.0 |      51 |      47 |  48.0
   Vaults:5 |   17455 |  115853 |  86.9 |      28 |      78 |  73.6
    Crypt:1 |   25644 |    4231 |  14.2 |      35 |       2 |   5.4
    Crypt:2 |   18180 |       0 |   0.0 |      31 |       0 |   0.0
    Crypt:3 |   30602 |   59233 |  65.9 |      43 |      82 |  65.6
     Tomb:1 |   14931 |  130604 |  89.7 |      39 |      66 |  62.9
     Tomb:2 |   16932 |   72377 |  81.0 |      33 |      75 |  69.4
     Tomb:3 |   13827 |  139817 |  91.0 |      32 |     110 |  77.5
   Depths:1 |   26486 |    6927 |  20.7 |      42 |      10 |  19.2
   Depths:2 |   38105 |   28606 |  42.9 |      53 |      23 |  30.3
   Depths:3 |   53661 |   24628 |  31.5 |      74 |      11 |  12.9
   Depths:4 |   40060 |   28657 |  41.7 |      37 |      14 |  27.5
   Depths:5 |   32101 |   30586 |  48.8 |      35 |      21 |  37.5
       Hell |   25800 |   23356 |  47.5 |      38 |      32 |  45.7
      Dis:1 |    8805 |       0 |   0.0 |      24 |       0 |   0.0
      Dis:2 |   41448 |       0 |   0.0 |      80 |       0 |   0.0
      Dis:3 |    9913 |       0 |   0.0 |      30 |       0 |   0.0
      Dis:4 |   13049 |       0 |   0.0 |      32 |       0 |   0.0
      Dis:5 |    3167 |       0 |   0.0 |       5 |       0 |   0.0
      Dis:6 |    2573 |       0 |   0.0 |       7 |       0 |   0.0
      Dis:7 |   44552 |  125089 |  73.7 |      53 |      74 |  58.3
      Geh:1 |     172 |       0 |   0.0 |       3 |       0 |   0.0
      Geh:2 |    8454 |       0 |   0.0 |      18 |       0 |   0.0
      Geh:3 |    1657 |       0 |   0.0 |       6 |       0 |   0.0
      Geh:4 |   12461 |       0 |   0.0 |      23 |       0 |   0.0
      Geh:5 |   20416 |   12485 |  37.9 |      46 |      14 |  23.3
      Geh:6 |   12082 |       0 |   0.0 |      26 |       0 |   0.0
      Geh:7 |   23211 |   41317 |  64.0 |      28 |      22 |  44.0
      Coc:1 |    1796 |       0 |   0.0 |       4 |       0 |   0.0
      Coc:2 |   11030 |       0 |   0.0 |      11 |       0 |   0.0
      Coc:3 |    6497 |       0 |   0.0 |      20 |       0 |   0.0
      Coc:4 |   16095 |       0 |   0.0 |      38 |       0 |   0.0
      Coc:5 |   34626 |       0 |   0.0 |      48 |       0 |   0.0
      Coc:6 |    6397 |       0 |   0.0 |      14 |       0 |   0.0
      Coc:7 |   78333 |   72995 |  48.2 |      85 |      59 |  41.0
      Tar:1 |   27195 |       0 |   0.0 |      41 |       0 |   0.0
      Tar:2 |    5975 |       0 |   0.0 |       6 |       0 |   0.0
      Tar:3 |    7098 |       0 |   0.0 |       7 |       0 |   0.0
      Tar:4 |   36467 |       0 |   0.0 |      26 |       0 |   0.0
      Tar:5 |   68751 |   13538 |  16.5 |      70 |      20 |  22.2
      Tar:6 |    2859 |       0 |   0.0 |      10 |       0 |   0.0
      Tar:7 |   84642 |   87292 |  50.8 |      83 |      62 |  42.8
      Zot:1 |   53037 |       0 |   0.0 |      27 |       0 |   0.0
      Zot:2 |   56934 |       0 |   0.0 |      37 |       0 |   0.0
      Zot:3 |   30538 |     469 |   1.5 |      17 |       1 |   5.6
      Zot:4 |   42131 |       0 |   0.0 |      24 |       0 |   0.0
      Zot:5 |   61786 |  167410 |  73.0 |      40 |      40 |  50.0
    Abyss:1 |   21423 |       0 |   0.0 |      28 |       0 |   0.0
    Abyss:2 |   21338 |       0 |   0.0 |      47 |       0 |   0.0
    Abyss:3 |   22536 |       0 |   0.0 |      48 |       0 |   0.0
    Abyss:5 |  200524 |   44152 |  18.0 |     303 |      32 |   9.6
        Pan |  557169 |  393430 |  41.4 |     665 |     268 |  28.7
      Sewer |       0 |     182 | 100.0 |       0 |      19 | 100.0
      IceCv |       0 |   13890 | 100.0 |       0 |      55 | 100.0
            +---------+---------+-------+---------+---------+-------
